 Dungeon Crawl Stone Soup version 0.12.3 (webtiles) character file.

426 IDKFA the Shield-Bearer (level 6, 0/53 HPs)
             Began as a Hill Orc Fighter on Apr 21, 2018.
             Succumbed to Jannitor's ghost's poison
             ... on Level 4 of the Dungeon.
             The game lasted 00:16:25 (3873 turns).

IDKFA the Shield-Bearer (Hill Orc Fighter)          Turns: 3873, Time: 00:16:25

HP   0/53        AC  7     Str 21      XL: 6   Next: 31%
MP   5/5         EV  6     Int  8      God:
Gold 137         SH 21     Dex 10      Spells:  0 memorised,  5 levels left

Res.Fire  : . . .   See Invis. : .   a - +0 orc hand axe {=f}
Res.Cold  : . . .   Warding    : .   b - +0 orc scale mail
Life Prot.: . . .   Conserve   : .   c - +0 orc shield
Res.Poison: .       Res.Corr.  : .   (no helmet)
Res.Elec. : .       Clarity    : .   (no cloak)
Sust.Abil.: + .     Spirit.Shd : .   (no gloves)
Res.Mut.  : .       Stasis     : .   (no boots)
Res.Rott. : .       Ctrl.Telep.: .   (no amulet)
Saprovore : + . .   Flight     : .   (no ring)
                                     p - ring of sustain abilities {unknown}

@: quite poisoned, slightly resistant to hostile enchantments, extremely
unstealthy
A: saprovore 1
a: no special abilities


You were on level 4 of the Dungeon.
You were hungry.

You visited 1 branch of the dungeon, and saw 4 of its levels.

You collected 117 gold pieces.

Inventory:

Hand weapons
 a - a +0,+0 orcish hand axe (weapon) {=f}
 g - a +0,+0 spear (quivered)
 r - a +0,+0 short sword
 y - a +1,+1 orcish dagger
Armour
 b - a +0 orcish scale mail (worn)
 c - a +0 orcish shield (worn)
 j - a +0 leather armour
 s - a +0 ring mail
 z - a +0 animal skin
Magical devices
 w - a wand of frost (3)
Comestibles
 d - 2 meat rations
 m - 3 bread rations
Scrolls
 e - 2 scrolls of enchant armour {unknown}
 f - 2 scrolls of noise {unknown}
 i - 3 scrolls of identify {unknown}
 k - a scroll of fog {unknown}
 n - a scroll of curse weapon {unknown}
 q - a scroll of fear {unknown}
 v - 2 scrolls of teleportation {unknown}
Jewellery
 p - a ring of sustain abilities (left hand) {unknown}
Potions
 l - a potion of degeneration {unknown}
 o - a potion of heal wounds {unknown}
 t - a potion of curing {unknown}
 u - a potion of might {unknown}


   Skills:
 + Level 4.2 Fighting
 + Level 4.2 Axes
 + Level 4.6 Armour
 + Level 1.9 Dodging
 + Level 0.5 Stealth
 + Level 4.9 Shields


You had 5 spell levels left.
You didn't know any spells.

Dungeon Overview and Level Annotations

Branches:
Dungeon (4/27)
 Temple: D:4-7

Altars:
Kikubaaqudgha
Trog

Annotations
D:4 Jannitor's ghost, average DsEn


Innate Abilities, Weirdness & Mutations

You can tolerate rotten meat.


Message History

* * * LOW HITPOINT WARNING * * *
You feel sick.
* * * LOW HITPOINT WARNING * * *
You feel sick.
You are no longer glowing.
* * * LOW HITPOINT WARNING * * *
You feel sick.
* * * LOW HITPOINT WARNING * * *
You feel sick.
You feel a little better.
* * * LOW HITPOINT WARNING * * *
You feel sick.
* * * LOW HITPOINT WARNING * * *
You feel sick.
Jannitor's ghost shrieks, "They lied to you.
The Dungeon just goes down and down forever."
* * * LOW HITPOINT WARNING * * *
You feel sick.
* * * LOW HITPOINT WARNING * * *
You feel sick.
You die...

.......#.#........#.......##....#
.......'..........#.......# ...#
.......###.########.......# ..#
#.....%....# #.......# .#
#.....####.# #.......# # #.....#
##.#### #.......# #
#.....###.....### #.......# #
......#.........###########
......'.........@..#
....#.#...%........#
....#.#........pr..#
.####.##......#....#
.........#.####....# ##.###...#
#....# #.# #...###....### ..#
#...##.......# .####'###.......#


You could see Jannitor's ghost and a rat.

Vanquished Creatures
  The ghost of IDKFA the Skirmisher, an average HOFi (D:3)
  2 worker ants
  Jessica (D:3)
  A gnoll (D:1)
  5 adders
  3 worms
  3 giant geckos
  2 oozes
  2 orcs (D:4)
  10 bats
  5 hobgoblins
  2 jackals (D:2)
  7 kobolds
  2 quokkas (D:2)
  A ball python (D:3)
  2 giant cockroaches
  3 giant newts
  9 goblins
  A kobold skeleton (D:4)
  5 rats
67 creatures vanquished.

Notes
Turn   | Place    | Note
--------------------------------------------------------------
     0 | D:1      | IDKFA, the Hill Orc Fighter, began the quest for the Orb.
     0 | D:1      | Reached XP level 1. HP: 19/19 MP: 0/0
   328 | D:1      | Reached XP level 2. HP: 26/26 MP: 1/1
   628 | D:1      | Reached skill level 4 in Fighting
   628 | D:1      | Reached XP level 3. HP: 24/33 MP: 2/2
  1186 | D:2      | Reached skill level 1 in Dodging
  1186 | D:2      | Reached XP level 4. HP: 30/40 MP: 3/3
  2109 | D:3      | Noticed IDKFA's ghost (average HOFi)
  2490 | D:3      | Noticed Jessica
  2498 | D:3      | Reached XP level 5. HP: 34/46 MP: 4/4
  2504 | D:3      | Killed Jessica
  2659 | D:3      | Found an ancient bone altar of Kikubaaqudgha.
  2777 | D:3      | Killed IDKFA's ghost
  2777 | D:3      | Reached XP level 6. HP: 21/53 MP: 5/5
  3443 | D:4      | Found a bloodstained altar of Trog.
  3819 | D:4      | Noticed Jannitor's ghost (average DsEn)
  3870 | D:4      | HP: 2/53 [poisoned by Jannitor's ghost]
  3873 | D:4      | Succumbed to Jannitor's ghost's poison

Action                   |  1- 3 |  4- 6 || total
-------------------------+-------+-------++-------
Melee: Hand axe          |    95 |   263 ||   358
